Cogmind - Beta 13 @@@ ROGUE MODE // 2024.04.21 @ 16:41:09 Player: Lunace Result: Destroyed by G-47 Trooper with Particle Gun Performance ------------- Evolutions (2) 1000 Regions Visited (3) 600 Robots Destroyed (48) 240 Value Destroyed (1607) 1607 Prototype IDs (0) 0 Alien Tech Used (0) 0 Bonus (11) 11 TOTAL SCORE: 3458 Bonus ------- High Alert Combat Kills 11 Cogmind --------- Core Integrity 0/550 Matter 300/300 Energy 100/100 System Corruption 0% Temperature Cool (9) Movement Rolling (80) Location -8/Materials Parts ------- > --- POWER (1) -------- (None) > --- PROPULSION (3) --- Wheel > --- UTILITY (4) ------ (None) > --- WEAPON (3) ------- Katana > --- INVENTORY (5) ---- Improved Heat Sink Long-range Tractor Beam Long-range Tractor Beam Peak State ------------ > --- POWER ------------ Improved Ion Engine > --- PROPULSION ------- Aluminum Leg Aluminum Leg Aluminum Leg > --- UTILITY ---------- Improved Heat Sink Improved Heat Sink Medium Storage Unit Improved Signal Interpreter > --- WEAPON ----------- Ion Cannon Heavy Assault Rifle Katana > --- INVENTORY -------- Melee Analysis Suite Long-range Tractor Beam Long-range Tractor Beam [Rating: 23] Favorites ----------- Power Ion Engine Engine Ion Engine Power Core Light Nuclear Core Propulsion Aluminum Leg Leg Aluminum Leg Wheel Wheel Utility Medium Storage Unit Device Heat Sink Storage Medium Storage Unit Processor Transport Network Coupler Protection Light Armor Plating Weapon Assault Rifle Energy Gun Beam Rifle Energy Cannon Ion Cannon Ballistic Gun Assault Rifle Slashing Weapon Katana Build | -11 -10 -9 -8 ------- Run | Yrd Mat Mat Mat Slots Evolved 4 | . . 2 2 Power . | . . . . Propulsion 1 | . . 1 . Utility 2 | . . . 2 Weapon 1 | . . 1 . Parts Attached 68 | 6 10 13 39 Power 8 | 1 . 2 5 Engine 6 | 1 . 2 3 Core 2 | . . . 2 Reactor . | . . . . Propulsion 23 | 2 4 5 12 Treads . | . . . . Leg 22 | 2 4 5 11 Wheel 1 | . . . 1 Hover . | . . . . Flight . | . . . . Utility 23 | 1 6 3 13 Device 15 | . 5 1 9 Storage 3 | 1 1 1 . Processor 3 | . . . 3 Hackware . | . . . . Protection 2 | . . 1 1 Artifact . | . . . . Weapon 14 | 2 . 3 9 Energy Gun 3 | . . 1 2 Energy Cannon 3 | . . . 3 Ballistic Gun 7 | 2 . 2 3 Ballistic Cannon . | . . . . Launcher . | . . . . Special Weapon . | . . . . Impact Weapon . | . . . . Slashing Weapon 1 | . . . 1 Piercing Weapon . | . . . . Special Melee Weapon . | . . . . Unidentified Prototypes . | . . . . Parts Lost 22 | . 2 2 18 Power 2 | . . . 2 Propulsion 8 | . . . 8 Utility 7 | . 2 . 5 Weapon 5 | . . 2 3 Highest Loss Streak 10 | . 1 2 10 To Critical Strikes . | . . . . Average Slot Usage (%) 97 | . 99 98 95 Engine 10 | . 14 11 7 Leg 28 | . 28 33 25 Device 11 | . 13 7 11 Storage 11 | . 14 11 9 Processor 4 | . . . 9 Protection 2 | . . 3 5 Energy Gun 2 | . . 5 4 Energy Cannon 3 | . . . 7 Ballistic Gun 20 | . 28 25 11 Naked Turns . | . . . . Heaviest Build 34 | 14 20 26 34 Greatest Support 33 | 20 20 30 33 Greatest Overweight (x) 3 | . . . 3 Average Overweight (x) . | . . . . Largest Inventory Capacity 10 | 8 10 10 10 Average Capacity 9 | 6 9 10 9 Most Carried 10 | 2 10 10 10 Average Carried 6 | 1 6 7 7 Final Capacity 10 | 8 10 10 5 Final Carried 10 | 2 8 10 3 Class Distribution -------------------- 43% | Mutant 36% | Scavenger-Tank 10% | Scavenger-Mutant 6% | Gunner 3% | Scavenger-Gunner Dominant Class ---------------- Mutant | -10/Materials Gunner | -9/Materials Scavenger-Tank | -8/Materials Resources | -11 -10 -9 -8 ----------- Run | Yrd Mat Mat Mat Matter Collected 1552 | 267 386 235 664 Remotely 413 | . 177 . 236 Salvage Created 2076 | 91 483 509 993 Parts 114 | 1 32 29 52 Haulers Intercepted 1 | . . 1 . Recyclers Shooed . | . . . . Parts Field Recycled . | . . . . Retrieved Matter . | . . . . Parts Self-Destructed . | . . . . Prevented . | . . . . Kills | -11 -10 -9 -8 ------- Run | Yrd Mat Mat Mat Combat Hostiles Destroyed 36 | . 11 8 17 Melee 1 | . . . 1 Guns 28 | . 11 8 9 Cannons 7 | . . . 7 Classes Destroyed 10 | 1 3 3 3 Worker 3 | . . 1 2 Tunneler 1 | . 1 . . Hauler 1 | . . 1 . Recycler 2 | 1 . 1 . Operator 1 | . . . 1 Watcher 4 | . 1 1 2 Grunt 26 | . 11 6 9 Brawler 1 | . . . 1 Duelist 2 | . . . 2 Sentry 7 | . . 2 5 Best Kill Streak 4 | 1 3 3 4 Combat Bots Only 4 | . 3 3 4 Max Kills in Single Turn 2 | 1 2 2 1 Gunslinging . | . . . . Exploded . | . . . . Melee 1 | . . . 1 Uniques/NPCs Destroyed . | . . . . Combat | -11 -10 -9 -8 -------- Run | Yrd Mat Mat Mat Hostile Shots Fired 248 | . 44 31 173 Missed 67 | . 14 4 49 Damage Taken 3278 | . 373 329 2576 Core 709 | . 95 53 561 Absorbed by Shields 68 | . . . 68 Core Remaining (%) 82 | 100 62 86 . Volleys Fired 145 | 5 47 30 63 Largest 3 | 2 2 3 3 Hottest 176 | 40 40 83 176 Shots Fired 326 | 10 94 77 145 Gun 279 | 10 94 77 98 Cannon 47 | . . . 47 Launcher . | . . . . Special . | . . . . Kinetic 249 | 10 94 65 80 Thermal 77 | . . 12 65 Explosive . | . . . . Electromagnetic . | . . . . Robot Hit Streak 14 | 2 9 10 14 Robot Miss Streak 7 | 1 7 4 2 Penetration Max . | . . . . Secondary Targets 1 | . 1 . . Max Gunslinging Chain 1 | . 1 . . Shots Hit Robots 220 | 6 55 49 110 Core Hits 91 | 2 25 22 42 Critical Kills 1 | . . 1 . Critical Parts Destroyed 1 | 1 . . . Critical Strikes 2 | 1 . 1 . Destroy 2 | 1 . 1 . Melee Attacks 8 | . . . 8 Impact . | . . . . Slashing 8 | . . . 8 Piercing . | . . . . Sneak Attacks 1 | . . . 1 Combat Hostiles . | . . . . Follow-up Attacks . | . . . . Damage Inflicted 3484 | 79 757 675 1973 Guns 2603 | 79 757 675 1092 Cannons 699 | . . . 699 Explosions . | . . . . Melee 182 | . . . 182 Ramming . | . . . . Kinetic 2313 | 79 757 586 891 Thermal 989 | . . 89 900 Explosive . | . . . . Electromagnetic . | . . . . Impact . | . . . . Slashing 182 | . . . 182 Piercing . | . . . . Highest Corruption . | . . . . Average Corruption . | . . . . Corruption Purged . | . . . . Corruption Blocked . | . . . . Overload Shots . | . . . . Overflow Damage 32 | . . . 32 Projectiles . | . . . . Explosions . | . . . . Melee 32 | . . . 32 Knockbacks . | . . . . Impact . | . . . . Kinetic . | . . . . Secondary . | . . . . Self-Inflicted Damage . | . . . . Shots . | . . . . Rammed . | . . . . Targets Rammed . | . . . . Kicked . | . . . . Crushed . | . . . . Highest Temperature 207 | . 20 61 207 Average Temperature 40 | . 6 30 46 Received Heat Transfer 1176 | . 225 195 756 Effects 2 | . . . 2 Interference 2 | . . . 2 Siege Activations . | . . . . Robots Corrupted . | . . . . Combat Hostiles . | . . . . Parts Fried . | . . . . Impact Corruptions . | . . . . Robots Melted . | . . . . Combat Hostiles . | . . . . Parts Melted 3 | . . 1 2 Heat Transferred 1817 | . . 200 1617 Parts Sabotaged . | . . . . Parts Stolen . | . . . . Parts Stripped . | . . . . Power Chain Reactions . | . . . . Alert | -11 -10 -9 -8 ------- Run | Yrd Mat Mat Mat Peak Influence 415 | 5 213 349 415 Initial 146 | . 3 89 146 Average 173 | 1 90 199 251 Maximum Alert Level 2 | . 1 1 2 Low Security (%) 52 | 100 90 40 19 Level 1 46 | . 9 59 78 Level 2 . | . . . 2 Level 3 . | . . . . Level 4 . | . . . . Level 5 . | . . . . High Security . | . . . . Max Security . | . . . . Squads Dispatched 8 | . 4 2 2 Investigation 3 | . 2 1 . Extermination . | . . . . Reinforcement 5 | . 2 1 2 Assault . | . . . . Garrison . | . . . . Intercept . | . . . . Searches Triggered . | . . . . Construction Impeded . | . . . . Haulers Reinforced . | . . . . Active Scanning Responses . | . . . . Cargo Convoy Interrupts . | . . . . Stealth | -11 -10 -9 -8 --------- Run | Yrd Mat Mat Mat Distress Signals 2 | . 1 . 1 Communications Jammed . | . . . . Distress Signals . | . . . . Times Spotted 62 | . 22 12 28 Peak Tracking Total 6 | . 4 3 6 Tactical Retreats 3 | . 2 . 1 Traps | -11 -10 -9 -8 ------- Run | Yrd Mat Mat Mat Traps Triggered 3 | . 1 . 2 Indirectly . | . . . . Trap Hack Attempts . | . . . . Triggered . | . . . . Disarmed . | . . . . Reprogrammed . | . . . . Reused . | . . . . Traps Extracted . | . . . . Installed . | . . . . Triggered . | . . . . Machines | -11 -10 -9 -8 ---------- Run | Yrd Mat Mat Mat Machines Disabled . | . . . . Max in Single Turn . | . . . . Machines Repaired . | . . . . Machines Dismantled . | . . . . Machines Sabotaged . | . . . . Overloaded Fab Kills . | . . . . Hacking | -11 -10 -9 -8 --------- Run | Yrd Mat Mat Mat Machines Accessed 7 | . 4 1 2 Terminals 6 | . 3 1 2 Fabricators . | . . . . Repair Stations . | . . . . Recycling Units 1 | . 1 . . Scanalyzers . | . . . . Garrison Access . | . . . . Total Hacks 20 | . 9 6 5 Successful 5 | . 5 . . Failed 15 | . 4 6 5 Catastrophic 6 | . 2 1 3 Database Lockouts . | . . . . Manual 20 | . 9 6 5 Terminals 18 | . 7 6 5 Fabricators . | . . . . Repair Stations . | . . . . Recycling Units 2 | . 2 . . Scanalyzers . | . . . . Garrison Access . | . . . . Terminal Hacks 2 | . 2 . . Robot Analysis 1 | . 1 . . Branch Access Points 1 | . 1 . . Fabricator Hacks . | . . . . Repair Station Hacks . | . . . . Recycling Unit Hacks . | . . . . Scanalyzer . | . . . . Garrison Access Hacks . | . . . . Unauthorized Hacks 3 | . 3 . . Terminals 1 | . 1 . . Sabotage 1 | . 1 . . Fabricators . | . . . . Repair Stations . | . . . . Recycling Units 2 | . 2 . . Monitor 1 | . 1 . . Recyclers 1 | . 1 . . Scanalyzers . | . . . . Garrison Access . | . . . . Data Cores Recovered 1 | . . . 1 Used . | . . . . Hacking Detections 6 | . 3 1 2 Full Trace Events 2 | . . 1 1 Feedback Events . | . . . . Feedback Blocked . | . . . . Robot Schematics Acquired . | . . . . Robots Built . | . . . . Authchips . | . . . . Time . | . . . . Total Robot Build Rating . | . . . . Part Schematics Acquired . | . . . . Parts Built . | . . . . Authchips . | . . . . Time . | . . . . Total Part Build Rating . | . . . . Parts Repaired . | . . . . Time . | . . . . Parts Recycled . | . . . . Recycled Matter . | . . . . Retrieved Matter . | . . . . Retrieved Components . | . . . . Parts Scanalyzed . | . . . . Part Schematics Acquired . | . . . . Parts Damaged . | . . . . Bothacking | -11 -10 -9 -8 ------------ Run | Yrd Mat Mat Mat Used RIF Installer . | . . . . Robots Hacked . | . . . . Non-combat . | . . . . Combat . | . . . . Robot Hacks Applied . | . . . . Relay Couplers Released . | . . . . Fabnet Peak Effective % . | . . . . Robots Rewired . | . . . . Allies Hacked . | . . . . Hacks Repelled . | . . . . Allies | -11 -10 -9 -8 -------- Run | Yrd Mat Mat Mat Total Allies . | . . . . Largest Group . | . . . . Highest-Rated Group . | . . . . Highest-Rated Ally . | . . . . Total Orders . | . . . . Ally Attacks . | . . . . Total Damage . | . . . . Kills . | . . . . Allies Corrupted . | . . . . Allies Melted . | . . . . Intel | -11 -10 -9 -8 ------- Run | Yrd Mat Mat Mat Robot Analysis Total 1 | . 1 . . Derelict Logs Recovered . | . . . . Drone Launches . | . . . . Drone Recoveries . | . . . . Exploration | -11 -10 -9 -8 ------------- Run | Yrd Mat Mat Mat Turns Passed 1883 | 74 687 329 793 Spaces Moved 894 | 43 407 159 285 Core 12 | 10 . . 2 Treads . | . . . . Legs 880 | 33 407 159 281 Wheels 2 | . . . 2 Hover . | . . . . Flight . | . . . . Fastest Speed 50 | 50 120 120 80 Average Speed 120 | 103 120 120 123 Slowest Speed 200 | 120 120 120 200 Overloaded Moves . | . . . . Propulsion Burnouts . | . . . . Robots Hopped . | . . . . Cave-ins Triggered . | . . . . Exploration Rate (%) 29 | 4 60 19 34 Regions Visited 3 Branch Regions . Pre-discovered Areas . | . . . . Known Exits Taken . | . . . . Unknown Exits Taken 3 | 1 1 1 . Scrap Searched . | . . . . Spaces Dug 1 | . . . 1 Terrain Destroyed 3 | . . . 3 Melee . | . . . . Projectile 3 | . . . 3 AOE . | . . . . Terrain Rammed . | . . . . Walls Destroyed . | . . . . Machines Disabled . | . . . . Actions | -11 -10 -9 -8 --------- Run | Yrd Mat Mat Mat Total 1390 | 59 509 235 587 Wait 225 | 4 38 27 156 Move 891 | 42 406 158 285 Hop . | . . . . Pick Up 17 | 2 4 1 10 Fast Attach 27 | 6 3 3 15 Attach 17 | . 1 2 14 Detach 3 | . 1 . 2 Swap 24 | . 6 8 10 Drop 33 | . 3 6 24 Fire 145 | 5 47 30 63 Melee 8 | . . . 8 Ram . | . . . . Kick . | . . . . Crush . | . . . . Escape Stasis . | . . . . Rewire . | . . . . Trap . | . . . . Miscellaneous . | . . . . Route ------- -11/Scrapyard -10/Materials (discovered 4 exits: *Mat x3 / Min) -9/Materials -8/Materials History --------- Turn | Location | Event 6 | -11/Scrapyard | Discovered new exit (range 15) 75 | -11/Scrapyard | Entered Materials 143 | -10/Materials | Discovered new exit (range 13) 300 | -10/Materials | Build established: Mutant 627 | -10/Materials | Discovered new exit (range 11) 645 | -10/Materials | Identified exit to Mines 659 | -10/Materials | Discovered new exit (range 7) 762 | -10/Materials | Entered another Materials area 762 | -9/Materials | Evolved 2 slots: Propulsion x1, Weapon x1 1085 | -9/Materials | Discovered new exit (range 5) 1091 | -9/Materials | Entered another Materials area 1091 | -8/Materials | Evolved 2 slots: Utility x2 1329 | -8/Materials | Build established: Scavenger-Tank 1747 | -8/Materials | Lost 3 parts (2n1w) 1758 | -8/Materials | Core integrity fell below 50% 1801 | -8/Materials | Lost 4 parts (1p2n1u) 1870 | -8/Materials | Core integrity fell below 20% 1884 | -8/Materials | Destroyed by G-47 Trooper with Particle Gun Last Messages --------------- 01863_ Critical hit (Blast). 01863_ Knocked back. 01865_ M-28 Smith repairs H-61 Shepherd. 01865_ K-01 Serf collects debris. 01866_ Knocked back. 01867_ Critical hit (Burn: +37). 01868_ Imp. Signal Interpreter destroyed. 01868_ Critical hit (Blast). 01868_ Knocked back. 01868_ Sneak attack on K-01 Serf. 01868_ Destroyed Wheel. 01868_ K-01 Serf destroyed. 01870_ Aluminum Leg destroyed. 01870_ Critical hit (Blast). 01875_ Acquired Wheel. 01876_ Slug penetrates Wall. 01882_ Med. Storage Unit destroyed. 01882_ Melee Analysis Suite destroyed. 01882_ Critical hit (Blast). 01882_ Knocked back. Map ----- +----------------------------------------------------+ | ?????????????????????????????????????????????????? | | ?????????????????????????????????????????????????? | | ?????????????????????????????????????????????????? | | ?????????????????????????????????????????????????? | | ?????????????????????????????????????????????????? | | ?????????????????????????????????????????????????? | | ?????????????????????????????????????????????????? | | ?????????????????????????????????????????????????? | | ?????????????????????????????????????????????????? | | ????????????????????? ?????????????????????????? | | ???????????????????? ????????????????????????? | | ???????????????????? ????????????????????????? | | ???????????????????? ????????????????????????? | | ???????????????????? ????????????????????????? | | ??????????????????#?# #????????????????????????? | | ??????????????????? # #????????????????????????? | | ??????????????????? # #????????????????????????? | | ????????????????????+ #????????????????????????? | | ????????????????????# ###########??????????????? | | ????????????????????# # T ???????????????? | | ????????????????????# # """ ???????????????? | | ????????????????????# # """ ???????????????? | | ????????????????????#%g #% """ #??????????????? | | ????????????????????# gg# """ ###????????????? | | ?????????????????#### %H/% u ; #???????###### | | ??????????########"## =%#@ ###???????# | | ??????????# ## *# #??????#### """ | | ??????????# |! ## ###########?###### ## """ | | ??????????# !! # ######## ?? # """ | | ??????????# [# = # """ # | | ??????????# * +% # """"" # """ | | ??????????# """ %# # """"" # """ | | ??????????# """ # ####%% #| """"" !!!# """ | | ??????????# """ ###+######**=# """ !!!# | | ??????????# #?# """ %#[=%# ### # | | ??????????##########?# "Y"!%+[==#####+###### # % | | ?????????????????????# " " #[ [ | | ????????????????????## # [!= !% | | ????????????????????# # T */! | | ????????????????????## % ######## ^ =% | | ?????????????????????########?????# """ | | ????????????########??????????? """ | | ????????????# "" #????????#[ """ """" | | ????????????# ""S =#????????# """ # [ | | ????????????# "" #????????# """ # % | | ????????????# #?????????? + | | ????????????# #?????????! ## % | | ????????????# #?????????######?# ##########+# | | ???????#########+#################### ######## *= | | ???????# + | +----------------------------------------------------+ Best States ------------- Heat Dissipation 59 Energy Generation 14 Energy Capacity 265 Matter Stores 300 Matter Capacity 300 Sight Range 16 Terrain Scan Density 10 Armor Coverage 150 Evasion (%) 55 Melee Accuracy 5 Item Schematics ----------------- None Robot Schematics ------------------ None Fabricated ------------ Nothing Alien Tech Used ----------------- None Achievements -------------- None Challenges ------------ None Game ------ Seed BoreRainbowDoomcannon Manual? 0 Play Time 00:19:35 Cumulative 107.2 hours Start 2024.04.21 @ 16:20:34 End 2024.04.21 @ 16:41:09 Sessions 1 Manual Loads 0 Difficulty Rogue Special Mode None Game No. 115 Rogue 110 Adventurer 5 Explorer 0 Win Type - Total 3 Types 2/0/0/1/0/0/0/0/0 Lore% 49 Gallery% 64 Achievement% 48 Wizard Run 0 Options --------- Layout 1 ASCII 0 Keyboard 0 Movement Mouse Keybinds 0 Fullscreen 1 Font 24/Terminus Map View 50x35 Zoom Use 0% Tactical HUD 1 Map Filters NONE Filters NONE Steam 1 RUN: 9f3cd6e4-f397-4217-b519-442c339ff645